 Dungeon Crawl Stone Soup version 0.30-a0-883-g5ad918d77d (webtiles) character file.

Game seed: 4447669667042791513

71 Firecrotchwizard the Chopper (level 4, -4/40 HPs)
             Began as a Hill Orc Berserker on Mar 17, 2023.
             Was a Believer of Trog.
             Killed from afar by a goblin (22 damage)
             ... with a bolt of dispelling energy
             ... on level 3 of the Dungeon.
             The game lasted 00:03:14 (2036 turns).

Firecrotchwizard the Chopper (Hill Orc Berserker)   Turns: 2036, Time: 00:03:14

Health: -4/40      AC:  4    Str: 21    XL:     4   Next: 24%
Magic:  4/4        EV: 11    Int:  7    God:    Trog [**....]
Gold:   100        SH:  0    Dex: 10    Spells: 3/3 levels left

rFire   . . .      SeeInvis .    j - +3 short sword (elec)
rCold   . . .      Faith    .    (no shield)
rNeg    . . .      Spirit   .    b - +0 animal skin
rPois   .          Reflect  .    (no helmet)
rElec   .          Rampage  .    (no cloak)
rCorr   .                        d - +0 pair of gloves
Will    ++...                    o - +0 pair of boots
Stlth   +                        (no amulet)
HPRegen 1.26/turn                (no ring)
MPRegen 0.09/turn                (no ring)

@: strong-willed (expiring), regenerating (expiring)
A: no striking features
a: Renounce Religion, Berserk, Trog's Hand


You were on level 3 of the Dungeon.
You worshipped Trog.
Trog was pleased with you.
You visited 1 branch of the dungeon, and saw 3 of its levels.

You collected 100 gold pieces.

Inventory:

Hand Weapons
 a - a +0 hand axe
 j - a +3 short sword of electrocution (weapon)
   (You found it on level 1 of the Dungeon)
Missiles
 s - 22 stones (quivered)
Armour
 b - a +0 animal skin (worn)
 d - a +0 pair of gloves (worn)
   (You found it on level 1 of the Dungeon)
 o - a +0 pair of boots (worn)
   (You found it on level 2 of the Dungeon)
Scrolls
 e - 3 scrolls of teleportation {unknown}
 g - a scroll of noise {unknown}
 k - 2 scrolls of vulnerability {unknown}
 l - 2 scrolls of identify {unknown}
 n - a scroll of fog {unknown}
 p - a scroll of immolation {unknown}
 q - a scroll of amnesia {unknown}
 r - a scroll of fear {unknown}
 t - a scroll of enchant weapon {unknown}
Potions
 c - a potion of curing {unknown}
 f - a potion of degeneration {unknown}
 h - a potion of haste {unknown}
 i - 3 potions of heal wounds {unknown}
 m - 2 potions of mutation {unknown}


   Skills:
 + Level 4.3 Fighting
 * Level 5.5 Axes
 + Level 3.0 Armour
 - Level 1.5 Dodging


You had 3 spell levels left.
You didn't know any spells.
Your spell library was empty.

Dungeon Overview and Level Annotations

Branches:
Dungeon (3/15)

Altars:


Message History

You see here a +1 dagger of protection.
You now have 87 gold pieces (gained 7).
You now have 100 gold pieces (gained 13).
t - a scroll labelled SAFUNT JAUKAKH Health restored: 40
There is an open door here.
You see here a +0 robe.
A ball python comes into view.
The ball python barely misses you. The ball python grabs you.
The ball python constricts you.
You hit the ball python.
The ball python bites you but does no damage.
The ball python constricts you.
You hit the ball python.
Lightning courses through the ball python!
You kill the ball python!
Trog accepts your kill.
You see here a ball python corpse.
Found a stone staircase leading down.
You see here a ball python corpse.
You open the door.
There is an open door here.
You open the door.
Done exploring.
Done exploring.
Okay, then.
Search for what [? for help]? arm
(D) Dungeon
Where to? (Enter - D:2, ? - help)
There is a stone staircase leading down here.
You climb downwards.
There is a stone staircase leading up here.
A goblin is nearby!
The goblin shouts!
An adder comes into view.
The adder hisses angrily.
A ball python comes into view.
The ball python hisses angrily.
There is a stone staircase leading up here.
You hit the adder. The adder misses you.
You hit the adder. Lightning courses through the adder!
You kill the adder!
Trog accepts your kill.
Your Armour skill increases to level 3!
You closely miss the goblin. The goblin hits you with a +0 dagger.
You take 3 damage, and have 37/40 hp.
You hit the goblin. Lightning courses through the goblin!
You kill the goblin!
Trog accepts your kill.
You barely miss the ball python. The ball python barely misses you.
The ball python grabs you. The ball python constricts you.
You hit the ball python.
You kill the ball python!
Trog accepts your kill.
Things that are here:
a +0 dagger; a goblin corpse; an adder corpse A bat comes into view.
The bat moves out of view.
A bat is nearby!
The bat hits you but does no damage. Health restored: 40 The bat hits you.
You take 1 damage, and have 39/40 hp.
You hit the bat. The bat barely misses you.
You barely miss the bat. The bat closely misses you.
You hit the bat.
You kill the bat!
Trog accepts your kill.
Health restored: 40
Found a stone staircase leading up.
A goblin comes into view.
It is wielding a +0 club and carrying a wand of quicksilver (14).
A gnoll comes into view. It is wielding a +0 club.
The goblin shouts!
The gnoll shouts!
The goblin zaps a wand.
The bolt of dispelling energy hits you!
You take 13 damage, and have 27/40 hp.
MASSIVE DAMAGE!!
The goblin zaps a wand.
The bolt of dispelling energy hits you!
You take 9 damage, and have 18/40 hp.
MASSIVE DAMAGE!!
Your skin crawls.
You feel strong-willed.
You regained 2 hp, and now have 22/40 hp.
You hit the gnoll. The gnoll hits you with a +0 club.
You barely miss the gnoll. The gnoll hits you with a +0 club!
You hit the gnoll but do no damage. The gnoll hits you but does no damage.
You take 5 damage, and have 21/40 hp.
You hit the gnoll. The gnoll hits you with a +0 club.
You take 4 damage, and have 17/40 hp.
You hit the gnoll. Lightning courses through the gnoll!
You kill the gnoll!
Trog accepts your kill.
You feel the effects of Trog's Hand fading.
The goblin zaps a wand.
The bolt of dispelling energy hits you!!
Ouch! That really hurt!
You die...

........P~~~♣## ..#
###....##....P..##...#
..........†..........
#............)<##..
........##..#####
........<#.)....#
##.#######.#..#.#
#.###.....#..#
#.@)g.########
#.#####...#####
#....##.......#
........#..##.#
........##....
........# #.###
....[..g# .# ####...g.
. #..^.. .


You could see a goblin.

Vanquished Creatures
  A gnoll (D:3)
  3 adders
  8 ball pythons
  An endoplasm (D:1)
  A giant cockroach (D:2)
  4 goblins
  2 hobgoblins
  7 jackals (D:1)
  3 quokkas
  6 bats
  4 kobolds (D:1)
  2 rats (D:1)
42 creatures vanquished.

Notes
Turn   | Place    | Note
-------+----------+-------------------------------------------
     0 | D:1      | Firecrotchwizard the Hill Orc Berserker began the quest for
                  | the Orb.
     0 | D:1      | Reached XP level 1. HP: 19/19 MP: 1/1
   177 | D:1      | Reached XP level 2. HP: 20/27 MP: 2/2
   753 | D:1      | Reached skill level 4 in Fighting
   754 | D:1      | Reached XP level 3. HP: 33/33 MP: 3/3
  1030 | D:2      | Reached ** piety under Trog
  1195 | D:2      | Reached skill level 5 in Axes
  1759 | D:2      | Reached XP level 4. HP: 38/40 MP: 4/4
  1990 | D:3      | Reached skill level 3 in Armour
  2036 | D:3      | Killed from afar by a goblin

Illustrated notes

Levels and vault maps discovered:
D:1:      lemuel_arrival_hallway, layout_basic, serial_aquarium,
          aquarium_bridge_island_small [aquarium_subvault_small_water,
          aquarium_subvault_window, aquarium_subvault_wall,
          aquarium_subvault_wall, aquarium_subvault_bridge],
          aquarium_bridge_straight [aquarium_subvault_bridge,
          aquarium_subvault_window, aquarium_subvault_bridge,
          aquarium_subvault_wall], aquarium_window_fake,
          aquarium_window_corridor_3, aquarium_view_2f
D:2:      layout_basic
D:3:      layout_basic, overflow_temple_1_default, grunt_gozag_breadcrumbs,
          shapermc_ecumenical_altar_acropolis, serial_curves, eino_curves_03,
          eino_curves_02, st_stairs_14, serial_bayou_pond_b

Skill      XL: |  1  2  3  4 |
---------------+-------------+-----
Fighting       | 4 |  4.3
Axes           | 5 |  5.5
Armour         | 3 |  3.0
Dodging        | |  1.5

Action                     |  1- 3 |  4- 6 || total
---------------------------+-------+-------++-------
  Melee: Hand axe          |    44 |       ||    44
         Short sword       |    79 |    16 ||    95
 Invoke: Trog's Hand       |       |     1 ||     1
 Armour: Animal skin       |    45 |     3 ||    48
  Dodge: Dodged            |    89 |     5 ||    94

Table legend: (Time is in decaauts)
 A = Elapsed time spent in this place.
 B = Non-inter-level travel time spent in this place.
 C = Inter-level travel time spent in this place.
 D = Time resting spent in this place.
 E = Time spent auto-exploring this place.
 F = Levels seen in this place.
 G = Mean time per level.
                   A        B        C        D        E       F      G
               +--------+--------+--------+--------+--------+-----+--------+
         Total |   2039 |   2017 |     22 |      0 |   1682 |   3 |  679.7 |
       Dungeon |   2039 |   2017 |     22 |      0 |   1682 |   3 |  679.7 |
               +--------+--------+--------+--------+--------+-----+--------+

Top non-repeatable levels by time:
     D:2: 1033 daAuts
     D:1: 950 daAuts
     D:3: 54 daAuts

Table legend:
 A = Kills in this place as a percentage of kills in the entire game.
 B = Kills by you in this place as a percentage of kills by you in the entire game.
 C = Kills by friends in this place as a percentage of kills by friends in the entire game.
 D = Other kills in this place as a percentage of other kills in the entire game.
 E = Experience gained in this place as a percentage of experience gained in the entire game.
 F = Experience gained in this place divided by the number of levels of this place that you have seen.
                   A       B       C       D       E      F
               +-------+-------+-------+-------+-------+----------------------
         Total | 100.0 | 100.0 |   N/A |   N/A | 100.0 |  39.0
       Dungeon | 100.0 | 100.0 |   N/A |   N/A | 100.0 |  39.0
               +-------+-------+-------+-------+-------+----------------------
